Map: Frozen Temple

Players

Fropez - Winner!

  • Race: Protoss Protoss
  • League: Gold
  • Spawn Location: 11:00

Ozwan

  • Race: Protoss Protoss
  • League: Platinum
  • Spawn Location: 5:00

VOD

Have the link to the VOD?

Description

Time

  • Played on: Nov. 2, 2016, 7:53 p.m.
  • Length: 4:27
Show
View Real Time Build Order
Export as new Build Order

Fropez Protoss - Winner!

Build Orders: Oracle Opening 

Get SALT Encoding   

  12  0:03  Probe (Chrono Boost)  
  13  0:14  Pylon  
  13  0:18  Probe (Chrono Boost)  
  14  0:28  Probe (Chrono Boost)  
  15  0:36  Gateway  
  15  0:39  Probe (Chrono Boost)  
  16  0:52  Pylon  
  16  0:53  Assimilator  
  16  0:58  Probe (Chrono Boost)  
  17  1:09  Probe (Chrono Boost)  
  18  1:25  Cybernetics Core  
  18  1:26  Probe (Chrono Boost)  
  18  1:27  Assimilator  
  19  1:42  Pylon  
  19  1:53  Pylon  
  19  2:00  Gateway  
  19  2:08  Stargate  
  19  2:16  Probe (Chrono Boost)  
  20  2:27  Probe (Chrono Boost)  
  21  2:32  Warp Gate (Chrono Boost)  
  21  2:37  Probe  
  22  2:51  Oracle (Chrono Boost)  
  25  2:56  Adept x2  
  25  2:57  Probe  
  29  3:22  Oracle (Chrono Boost)  
  32  3:29  Adept  
  32  3:30  Adept  
  32  3:32  Pylon  
Show
View Real Time Build Order
Export as new Build Order

Ozwan Protoss 

Build Orders:  

Get SALT Encoding   

  12  0:02  Probe (Chrono Boost)  
  13  0:12  Probe (Chrono Boost)  
  14  0:19  Pylon  
  14  0:28  Probe (Chrono Boost)  
  15  0:38  Probe (Chrono Boost)  
  15  0:42  Gateway  
  16  0:48  Assimilator  
  16  0:49  Probe (Chrono Boost)  
  17  0:59  Probe (Chrono Boost)  
  18  1:10  Probe (Chrono Boost)  
  19  1:21  Probe (Chrono Boost)  
  19  1:31  Cybernetics Core  
  19  1:52  Probe (Chrono Boost)  
  19  1:54  Nexus  
  20  2:03  Probe (Chrono Boost)  
  21  2:14  Warp Gate (Chrono Boost)  
  21  2:22  Pylon, Probe  
  22  2:32  Robotics Facility  
  22  2:34  Probe  
  22  2:35  Assimilator  
  23  2:40  Adept (Chrono Boost)  
  25  2:46  Probe  
  26  2:55  Pylon  
  27  2:58  Probe  
  27  3:10  Probe  
  28  3:20  Gateway  
  28  3:22  Adept (Chrono Boost)  
  28  3:23  Gateway  
  30  3:30  Probe, Gateway  
  30  3:32  Probe  
  32  3:42  Probe  
Tags
 
Matchup
PvP
Replay Pack
All Mines
Spawn Locations
Cross Positions
Add a new tag
Caveats
  • Supply blocks, unpowered buildings, or Contaminate may cause inaccurate times.
  • Supply counts are checked every 10 seconds.